 Dungeon Crawl Stone Soup version 0.24.0-123-gd5b16e6ec5 (webtiles) character file.

Game seed: 7395448408846872663, levelgen mode: deterministic

496 Bergy the Cudgeler (level 7, -4/41 HPs)
             Began as a Gargoyle Fighter on Jan 3, 2020.
             Killed by divine providence
             ... invoked by an orc priest
              (15 damage)
             ... on level 4 of the Dungeon.
             The game lasted 00:07:37 (3496 turns).

Bergy the Cudgeler (Gargoyle Fighter)               Turns: 3496, Time: 00:07:38

Health: -4/41      AC: 11    Str: 21    XL:     7   Next: 15%
Magic:  7/7        EV:  7    Int:  9    God:
Gold:   142        SH:  9    Dex:  9    Spells: 6/6 levels left

rFire    . . .     SeeInvis .   a - +0 flail
rCold    . . .     Gourm    .   c - +0 shield
rNeg     + . .     Faith    .   b - +0 scale mail
rPois    ∞         Spirit   .   (no helmet)
rElec    +         Reflect  .   (no cloak)
rCorr    .         Harm     .   (no gloves)
MR       .....                  (no boots)
Stlth    ..........             (no amulet)
HPRegen  0.13/turn              (no ring)
MPRegen  0.10/turn              (no ring)

@: no status effects
A: negative energy resistance 1, electricity resistance, unbreathing,
petrification resistance, rot immunity, AC +4
a: no special abilities


You were on level 4 of the Dungeon.
You were not hungry.

You visited 1 branch of the dungeon, and saw 4 of its levels.

You collected 142 gold pieces.

Inventory:

Hand Weapons
 a - a +0 flail (weapon)
Armour
 b - a +0 scale mail (worn)
 c - a +0 shield (worn)
Jewellery
 j - an uncursed ring of protection from cold {unknown}
 k - an uncursed ring of ice {unknown}
 x - an uncursed ring of see invisible
Scrolls
 d - 3 scrolls of remove curse {unknown}
 h - 2 scrolls of teleportation {unknown}
 l - a scroll of enchant weapon {unknown}
 n - 2 scrolls of enchant armour {unknown}
 o - a scroll of fear {unknown}
 p - a scroll of identify {unknown}
 v - 2 scrolls of fog {unknown}
 w - a scroll of amnesia {unknown}
Potions
 e - a potion of magic {unknown}
 g - 2 potions of heal wounds {unknown}
 i - 2 potions of curing
 m - a potion of agility {unknown}
 q - 2 potions of might
 r - a potion of brilliance {unknown}
 t - a potion of flight
 u - a potion of mutation {unknown}
Comestibles
 f - 8 rations


   Skills:
 - Level 3.2 Fighting
 * Level 7.6 Maces & Flails
 - Level 3.2 Armour
 - Level 3.2 Shields


You had 6 spell levels left.
You didn't know any spells.
Your spell library was empty.

Dungeon Overview and Level Annotations

Branches:
Dungeon (4/15)
 Temple: D:4-7

Altars:


Innate Abilities, Weirdness & Mutations

You are resistant to torment.
Your stone body is resilient. (AC +4)
You are immune to poison.
You resist negative energy. (rN+)
You are resistant to electric shocks. (rElec)
You can survive without breathing.
You are immune to petrification.
You are immune to rotting.


Message History

You block the bullfrog's attack. The orc wizard barely misses you.
The bullfrog hits you. You block the orc wizard's attack.
You miss the orc wizard.
The orc wizard is severely wounded.
The bullfrog hits you but does no damage.
The orc wizard hits you but does no damage.
The bullfrog closely misses you. You block the orc wizard's attack.
You hit the orc wizard.
You kill the orc wizard!
The bullfrog barely misses you.
The orc priest mumbles some strange prayers to Beogh against you.
Beogh smites you!
* * * LOW HITPOINT WARNING * * *
The phantom blinks!
The bullfrog hits you but does no damage.
Things that are here:
a +0 dagger; a +0 robe; an orc corpse The orc priest mumbles some strange prayers to Beogh against you.
Beogh smites you!
You die...

#.# #.# #.# #.# #.#
#.#
#.######.########
....#............
#.#.#.##.########
#.#.#.##.#
#.#.#.##.###
########@...........
#olo.W)F......######
.# #.#####.......#
...######.#
#.#......#
..§.loF.F.#
#.###..#.##
..###.######.#
##.#.# #..o.<....##
.#... #....o...w# #
..## #.#.#####.>. .#


You could see a phantom, a bullfrog, an orc priest, an orc and a leopard gecko.

Vanquished Creatures
  A black bear (D:2)
  A bullfrog (D:3)
  Crazy Yiuf (D:2)
  4 orc wizards
  A worker ant (D:3)
  Robin (D:2)
  3 gnolls (D:3)
  3 adders
  2 dart slugs
  3 leopard geckos
  7 orcs (D:3)
  10 bats
  6 giant cockroaches
  20 goblins
  11 hobgoblins
  2 jackals (D:1)
  9 kobolds
  A quokka (D:3)
  2 ball pythons
  4 frilled lizards
  5 rats
97 creatures vanquished.

Notes
Turn   | Place    | Note
-------+----------+-------------------------------------------
     0 | D:1      | Bergy the Gargoyle Fighter began the quest for the Orb.
     0 | D:1      | Reached XP level 1. HP: 14/14 MP: 1/1
    73 | D:1      | Reached XP level 2. HP: 16/19 MP: 2/2
   203 | D:1      | Reached skill level 3 in Maces & Flails
   399 | D:1      | Reached XP level 3. HP: 21/23 MP: 3/3
   964 | D:2      | Reached skill level 4 in Maces & Flails
  1023 | D:2      | Noticed a black bear
  1041 | D:2      | Killed a black bear
  1041 | D:2      | Reached skill level 5 in Maces & Flails
  1041 | D:2      | Reached XP level 4. HP: 6/28 MP: 4/4
  1041 | D:2      | Reached XP level 5. HP: 7/32 MP: 5/5
  1317 | D:2      | Noticed Robin
  1370 | D:2      | Killed Robin
  1774 | D:2      | Found a runed translucent door.
  1775 | D:2      | Noticed Crazy Yiuf
  1977 | D:2      | Killed Crazy Yiuf
  2263 | D:3      | Reached skill level 6 in Maces & Flails
  2263 | D:3      | Reached XP level 6. HP: 8/37 MP: 6/6
  2683 | D:3      | Reached skill level 7 in Maces & Flails
  2753 | D:3      | Reached XP level 7. HP: 21/41 MP: 7/7
  3496 | D:4      | Killed from afar by an orc priest

Levels and vault maps discovered:
D:1:      dpeg_arrival_arbitrary_c, layout_basic
D:2:      layout_loops_ring, uniq_robin, uniq_crazy_yiuf_cottage
D:3:      layout_basic, minmay_pentomino_pile
D:4:      layout_loops_ring, temple_doors_e, ebering_ghost_disaster_area,
          serial_shops, nicolae_shop_stone, hex_large, roderic_lattice_a,
          uniq_blork_the_orc

Skill      XL: |  1  2  3  4  5  6 |
---------------+-------------------+-----
Maces & Flails | 3 5 6 7 |  7.6
Fighting       | |  3.2
Armour         | |  3.2
Shields        | |  3.2

Action                   |  1- 3 |  4- 6 |  7- 9 || total
-------------------------+-------+-------+-------++-------
Melee: Flail             |   141 |   171 |    40 ||   352
  Use: Potion            |       |     3 |       ||     3
  Eat: Chunk             |       |     3 |     2 ||     5
       Ration            |       |     1 |       ||     1
Armor: Scale mail        |   101 |   120 |    35 ||   256
Dodge: Dodged            |    51 |    57 |    17 ||   125
Block: Shield            |    93 |    92 |    18 ||   203
